 Dungeon Crawl Stone Soup version 0.30.1-9-gdf580d7c3d (webtiles) character file.

Game seed: 11847529974480087332

242229 Cheops the Scorcher (level 19, -2/143 (151) HPs)
             Began as a Naga Fire Elementalist on Sept 30, 2023.
             Was an Elder of Sif Muna.
             Slain by a +3 demon trident of pain (17 damage)
             ... on level 2 of the Elven Halls on Oct 2, 2023.
             The game lasted 06:22:35 (85377 turns).

Cheops the Scorcher (Naga Fire Elementalist)       Turns: 85377, Time: 06:22:35

HP:   -2/143 (151)  AC: 27    Str: 12    XL:     19   Next: 83%
MP:   8/37          EV:  9    Int: 28    God:    Sif Muna [****..]
Gold: 540           SH: 14    Dex: 19    Spells: 0/46 levels left

rFire   . . .        d - staff of air "Yfifemui" {rElec Int+4}
rCold   + + .        P - +3 buckler {rC+}
rNeg    . . .        s - +0 ice dragon scales
rPois   +            Y - +1 helmet
rElec   +            N - +2 cloak {Will+}
rCorr   .            R - +2 pair of gloves {Dex+3}
SInv    +            U - +0 barding
Will    +++..        Z - amulet "Giet" {Reflect +Blink Int+2 Dex+4 Slay+3 SH+5}
Stlth   ++           J - ring of fire
HPRegen 0.43/turn    L - +5 ring of evasion
MPRegen 0.25/turn

%: reflection
@: drained, very slow
A: AC +6, large, see invisible, deformed body, poison resistance, slowness 2,
spit poison 1, naga tail 2
}: 1/15 runes: serpentine
a: Spit Poison, Renounce Religion, Evoke Blink, Channel Magic, Forget Spell,
Divine Exegesis


You were on level 2 of the Elven Halls.
You worshipped Sif Muna.
Sif Muna was greatly pleased with you.
You visited 7 branches of the dungeon, and saw 32 of its levels.
You visited 1 bazaar.
You also visited: Gauntlet, Ice Cave and Volcano.

You collected 3285 gold pieces.
You spent 2745 gold pieces at shops.

Inventory:

Hand Weapons
 b - the +3 short sword of Evezay {flame, rF+ Int+3}
   (You found it on level 11 of the Dungeon)

   Int:       It affects your intelligence (+3).
   rF:        It protects you from fire.
 c - a +1 dagger of venom
Armour
 s - +0 ice dragon scales (worn)
 z - +0 fire dragon scales
 E - a +3 leather armour of cold resistance
 F - +0 acid dragon scales
 G - a +3 ring mail of willpower
 N - a +2 cloak of willpower (worn)
 P - a +3 buckler of cold resistance (worn)
 R - a +2 pair of gloves of dexterity (worn)
 U - a +0 barding (worn)
 Y - a +1 helmet (worn)
Magical Staves
 a - a staff of fire
 d - the staff of air "Yfifemui" (weapon) {rElec Int+4}
   (You found it on level 13 of the Dungeon)

   [staff of air]

   Base accuracy: +5 Base damage: 5 Base attack delay: 1.2 This weapon's minimum
   attack delay (0.6) is reached at skill level 12.
   Int:       It affects your intelligence (+4).
   rElec:     It insulates you from electricity.
   It falls into the 'Staves' category.
   It is a one-handed weapon.
 e - a staff of cold
Jewellery
 k - the amulet of the Air {Inacc Air Fly rElec RMsl}
   (You took it off a naga on level 3 of the Snake Pit)

   [amulet of nothing]

   Inacc:     It reduces the accuracy of your attacks and spells.
   Air:       It enhances your air magic.
   rElec:     It insulates you from electricity.
   Fly:       It grants you flight.
   RMsl:      It protects you from missiles.
 n - a ring of willpower
 q - an amulet of the acrobat
 C - a ring of protection from cold
 J - a ring of fire (left hand)
 L - a +5 ring of evasion (right hand)
 M - a ring of protection from cold
 Q - the ring of Lady Luck {Fly Str+6 Stlth-}
   (You found it in an ice cave)

   [ring of flight]

   Str:       It affects your strength (+6).
   Fly:       It grants you flight.
   Stlth:     It makes you less stealthy.
 Z - the amulet "Giet" (around neck) {Reflect +Blink Int+2 Dex+4 Slay+3 SH+5}
   (You bought it in a shop on level 2 of the Orcish Mines)

   [amulet of reflection]

   It reflects blocked missile attacks.
   Int:       It affects your intelligence (+2).
   Dex:       It affects your dexterity (+4).
   Slay:      It affects your accuracy & damage with ranged weapons and melee
   (+3).
   +Blink:    It lets you blink.
   SH:        It affects your SH (+5).
Wands
 o - a wand of digging (4)
 p - a wand of mindburst (9)
 y - a wand of charming (44)
 A - a wand of flame (66)
 D - a wand of polymorph (17)
 S - a wand of quicksilver (19)
 X - a wand of iceblast (18)
Scrolls
 g - a scroll of magic mapping
 h - 3 scrolls of poison
 l - 6 scrolls of fog
 w - 3 scrolls of fear
 x - a scroll of blinking
 B - 5 scrolls of teleportation
 K - 2 scrolls of summoning
Potions
 f - 9 potions of might
 i - a potion of brilliance
 j - 7 potions of invisibility
 m - 23 potions of curing
 r - 17 potions of mutation
 t - 4 potions of haste
 u - 4 potions of cancellation
 v - 7 potions of lignification
 H - a potion of berserk rage
 I - 2 potions of resistance
 T - 3 potions of heal wounds
 W - 3 potions of magic
Miscellaneous
 O - a box of beasts
 V - a lightning rod (4/4)


   Skills:
 - Level 5.0 Fighting
 - Level 7.0 Short Blades
 - Level 12.0 Staves
 - Level 7.0 Armour
 - Level 1.5 Dodging
 - Level 8.2 Stealth
 - Level 5.0 Shields
 - Level 14.0 Spellcasting
 - Level 15.3 Conjurations
 - Level 3.0 Transmutations
 - Level 15.3 Fire Magic
 + Level 11.3 Air Magic
 - Level 2.0 Earth Magic
 - Level 8.0 Poison Magic
 - Level 9.0 Invocations
 - Level 7.5 Evocations


You couldn't memorise any spells.
You knew the following spells:

 Your Spells              Type           Power      Damage    Failure   Level
a - Foxfire               Conj/Fire      100%       2x1d9     1%          1
b - Searing Ray           Conj           100%       2d8       1%          2
c - Plasma Beam           Fire/Air       59%        2x1d82    13%         6
d - Stone Arrow           Conj/Erth      100%       3d13      1%          3
f - Fireball              Conj/Fire      51%        3d20      1%          5
h - Hailstorm             Conj/Ice       58%        3d13      2%          3
s - Scorch                Fire           100%       2d9       1%          2
w - Flame Wave            Conj/Fire      100%       2d21      1%          4
z - Starburst             Conj/Fire      51%        6d14      6%          6
B - Iskenderun's Battles  Conj           81%        2d13      1%          5
I - Ignite Poison         Fire/Tmut/Pois 80%        N/A       1%          3
O - Olgreb's Toxic Radia  Pois           59%        N/A       8%          4
P - Passwall              Tmut/Erth      27%        N/A       11%         2

Your spell library contained the following spells:

 Spells                   Type           Power      Damage    Failure   Level
 Kiss of Death            Conj/Necr      100%       2d13      1%          1
 Magic Dart               Conj           100%       1d8       1%          1
 Shock                    Conj/Air       100%       1d9       1%          1
 Momentum Strike          Conj/Tloc      100%       3d10      1%          2
 Poisonous Vapours        Pois/Air       100%       N/A       1%          2
 Mephitic Cloud           Conj/Pois/Air  90%        N/A       1%          3
 Swiftness                Air            90%        N/A       1%          3
 Sticky Flame             Conj/Fire      100%       2d11      1%          4
 Sting                    Tmut/Pois      100%       1d8       2%          1
 Cigotuvi's Dreadful Rot  Necr/Pois/Air  100%       N/A       2%          2
 Dazzling Flash           Conj/Hex       100%       N/A       2%          3
 Inner Flame              Hex/Fire       76%        N/A       2%          3
 Volatile Blastmotes      Fire/Tloc      100%       2d18      2%          3
 Sandblast                Erth           60%        2d14      9%          1
 Iskenderun's Mystic Bla  Conj/Tloc      58%        2d12      9%          4
 Irradiate                Conj/Tmut      31%        3d22      13%         5
 Freezing Cloud           Conj/Ice/Air   40%        6-21      16%         5
 Apportation              Tloc           38%        N/A       21%         1
 Freeze                   Ice            76%        1d8       21%         1
 Necrotise                Necr           76%        1d7       21%         1
 Slow                     Hex            76%        N/A       21%         1
 Summon Small Mammal      Summ           76%        N/A       21%         1
 Summon Lightning Spire   Summ/Air       67%        N/A       21%         4
 Call Imp                 Summ           38%        N/A       30%         2
 Orb of Destruction       Conj           40%        9d11      32%         7
 Silence                  Hex/Air        33%        N/A       50%         5
 Confusing Touch          Hex            19%        N/A       52%         3
 Frozen Ramparts          Ice            38%        1d6       52%         3
 Gell's Gravitas          Tloc           19%        N/A       52%         3
 Summon Guardian Golem    Hex/Summ       19%        N/A       52%         3
 Teleport Other           Tloc           19%        N/A       52%         3
 Vampiric Draining        Necr           19%        2d7       52%         3
 Alistair's Intoxication  Tmut/Pois      33%        N/A       52%         5
 Petrify                  Tmut/Erth      33%        N/A       58%         4
 Iron Shot                Conj/Erth      31%        9d6       65%         6
 Ice Form                 Ice/Tmut       28%        N/A       73%         4
 Animate Armour           Summ/Erth      50%        N/A       80%         4
 Leda's Liquefaction      Hex/Erth       12%        N/A       80%         4
 Blade Hands              Tmut           18%        N/A       86%         5
 Animate Dead             Necr           19%        N/A       90%         4
 Cause Fear               Hex            9%         N/A       90%         4
 Dispel Undead            Necr           19%        3d11      90%         4
 Passage of Golubria      Tloc           19%        N/A       90%         4
 Summon Ice Beast         Ice/Summ       19%        N/A       90%         4
 Lee's Rapid Deconstruct  Erth           15%        3d10*     94%         5
 Ignition                 Fire           51%        3d14      94%         8
 Yara's Violent Unravell  Hex/Tmut       14%        3d7       97%         5
 Eringya's Noxious Bog    Tmut/Pois      25%        N/A       97%         6
 Borgnjor's Vile Clutch   Necr/Erth      12%        N/A       98%         5
 Agony                    Necr           19%        N/A       99%         5
 Metabolic Englaciation   Hex/Ice        9%         N/A       99%         5
 Summon Forest            Summ/Tloc      9%         N/A       99%         5
 Summon Mana Viper        Hex/Summ       19%        N/A       99%         5
 Dispersal                Tloc           9%         N/A       100%        6
 Simulacrum               Ice/Necr       9%         N/A       100%        6
 Statue Form              Tmut/Erth      22%        N/A       100%        6
 Summon Cactus Giant      Summ           9%         N/A       100%        6
 Dragon Form              Tmut           18%        N/A       100%        7
 Enfeeble                 Hex            9%         N/A       100%        7
 Haunt                    Necr/Summ      9%         N/A       100%        7
 Malign Gateway           Summ/Tloc      9%         N/A       100%        7
 Monstrous Menagerie      Summ           9%         N/A       100%        7
 Spellforged Servitor     Conj/Summ      29%        N/A       100%        7
 Storm Form               Tmut/Air       37%        N/A       100%        7
 Summon Hydra             Summ           9%         N/A       100%        7
 Discord                  Hex            9%         N/A       100%        8
 Infestation              Necr           9%         N/A       100%        8
 Lehudib's Crystal Spear  Conj/Erth      31%        10d8      100%        8
 Dragon's Call            Summ           9%         N/A       100%        9
 Fire Storm               Conj/Fire      51%        8d13      100%        9


Dungeon Overview and Level Annotations

Branches:
Dungeon (15/15)            Temple (1/1) D:5            Lair (5/5) D:9
 Shoals (3/4) Lair:3        Snake (4/4) Lair:3        Slime (0/5) Lair:4
    Orc (2/2) D:10            Elf (2/3) Orc:2        Vaults (0/5) D:14
 Depths (0/4) D:15          IceCv (visited)         Volcano (visited)
Gauntlet (visited)

Altars:
Ashenzari
Cheibriados
Dithmenos
Elyvilon
Fedhas
Gozag
Hepliaklqana
Kikubaaqudgha
Makhleb
Nemelex Xobeh
Okawaru
Qazlal
Ru
Sif Muna
Trog
Uskayaw
Vehumet
Wu Jian
Xom
Yredelemnul
Zin
The Shining One
Jiyva

Shops:
D:1 :   D:2 !(   D:4 [?[(   D:9 *   D:11 *(:=   D:14 [   Orc:2 ((=[*[*[
Snake:2 :=:   Snake:3 :=

Annotations:
D:15 1 runed translucent door
Elf:2 2 runed translucent doors


Innate Abilities, Weirdness & Mutations

Your serpentine skin is tough. (AC +6)
You have supernaturally acute eyesight. (SInv)
Armour fits poorly on your strangely shaped body.
Your system is resistant to poisons. (rPois)
You cover ground very slowly.
You can spit poison.
You can use your snake-like lower body to constrict enemies.


Message History

You block the +0 vampiric demon whip's attack.
Casting: Stone Arrow (safe; 1% risk of failure)
Confirm with . or Enter, or press ? or * to list all spells.
Okay, then.
Casting: Stone Arrow (safe; 1% risk of failure)
Confirm with . or Enter, or press ? or * to list all spells.
Aiming: Stone Arrow (safe; 1% risk of failure)
Press: ? - help, Shift-Dir - straight line, f - +3 demon trident of pain, p - +0 vampiric demon whip
Aim: a +3 demon trident of pain (52% to hit)
The stone arrow hits the +0 vampiric demon whip!
The +0 vampiric demon whip falls from the air.
Sif Muna accepts your kill.
The +3 demon trident of pain hits you from afar!
* * * LOW HITPOINT WARNING * * *
Casting: Stone Arrow (safe; 1% risk of failure)
Confirm with . or Enter, or press ? or * to list all spells.
Aiming: Stone Arrow (safe; 1% risk of failure)
Press: ? - help, Shift-Dir - straight line, f/p - +3 demon trident of pain
Aim: a +3 demon trident of pain (52% to hit)
The stone arrow hits the +3 demon trident of pain!
The +3 demon trident of pain is heavily damaged.
The +3 demon trident of pain hits you but does no damage.
The +3 demon trident of pain closely misses you.
Casting: Stone Arrow (safe; 1% risk of failure)
Confirm with . or Enter, or press ? or * to list all spells.
Aiming: Stone Arrow (safe; 1% risk of failure)
Press: ? - help, Shift-Dir - straight line, f/p - +3 demon trident of pain
Aim: a +3 demon trident of pain (heavily damaged, 52% to hit)
The stone arrow misses the +3 demon trident of pain.
The +3 demon trident of pain hits you but does no damage.
The +3 demon trident of pain hits you from afar!
* * * LOW HITPOINT WARNING * * *
You block the +3 demon trident of pain's attack.
The +3 demon trident of pain hits you from afar!!
* * * LOW HITPOINT WARNING * * *
The +3 demon trident of pain hits you from afar.
* * * LOW HITPOINT WARNING * * *
The +3 demon trident of pain hits you but does no damage.
The +3 demon trident of pain hits you from afar!
You die...

......# ##..###.##
......### ##....##
.._...(.# ###.##
....(.#(# ##.###
......#.####....# ###
.....##(.##.###.####..
#######((.)####.#....#
##.....)...#....###.
##.<@.......#.###....
#.....[.)..#......#..
##.........#.....####
##....[.)#....###
##..[...#..##..#
##...###.#...## ##.##
#...### ### #####


You could see 3 dancing weapons.

Vanquished Creatures
  Mlioglotl (Snake:1)
  Gastronok (Lair:2)
  Kirke (Shoals:2)
  A nagaraja (Snake:4)
  Donald (Elf:2)
  Ilsuiw (Shoals:2)
  2 deep elf sorcerers
  Louise (D:14)
  A frost giant (IceCv)
  Aizul (Snake:1)
  An orc warlord (Orc:2)
  Nessos (D:14)
  A minotaur (Gauntlet)
  A deep elf death mage (Elf:1)
  2 merfolk impalers
  2 fire dragons
  3 entropy weavers (Lair:3)
  A merfolk javelineer (Shoals:2)
  Josephine (Shoals:1)
  5 vault guards (D:14)
  Harold (Lair:1)
  An ogre mage (D:14)
  The ghost of Yklotitu the Markscentaur, a journeyman CeHu of Okawaru (D:12)
  3 ghost crabs (Lair:3)
  2 two-headed ogres
  9 hydras
  4 merfolk avatars
  4 salamander tyrants
  5 centaur warriors
  13 anacondas
  5 boulder beetles
  3 catoblepae
  An alligator snapping turtle (Shoals:2)
  A death knight (D:15)
  11 dancing weapons
  A tengu warrior (D:14)
  Erica (D:8)
  4 merfolk aquamancers (Shoals:2)
  10 naga warriors
  12 death yaks
  8 shock serpents
  10 naga sharpshooters
  4 orc high priests (Orc:2)
  3 sun demons (Volcano)
  Nergalle (D:12)
  5 deep elf knights
  4 fire crabs (Lair:3)
  Amaemon (Lair:3)
  4 salamander mystics
  8 sea snakes
  8 skysharks
  Lodul (D:11)
  3 naga ritualists
  The ghost of ShellytheWitch the Slicer, a novice KoBr of Dithmenos (D:8)
  6 lindwurms
  7 deep elf archers
  2 necromancers
  An obsidian statue (D:15)
  A wizard (D:15)
  Pikel (D:6)
  8 orc knights
  19 deep elf zephyrmancers
  8 mana vipers
  30 harpies
  22 deep elf pyromancers
  5 fauns (Shoals:3)
  7 ugly things
  6 manticores
  6 orc sorcerers
  11 cyclopes
  8 merfolk sirens
  Maurice (Orc:1)
  17 salamanders
  14 naga magi
  An apocalypse crab (Lair:3)
  An ice statue (IceCv)
  6 guardian serpents
  7 water nymphs
  28 black mambas
  6 elephants (Lair:4)
  An orange demon (Lair:3)
  3 molten gargoyles
  3 centaur skeletons (D:15)
  6 gargoyles
  8 cane toads
  Psyche (D:8)
  A cane toad (shapeshifter) (D:13)
  2 freezing wraiths (D:15)
  An efreet (D:14)
  2 torpor snails
  3 unseen horrors
  2 kobold demonologists (D:11)
  11 komodo dragons
  A tengu conjurer (D:14)
  4 rime drakes
  A queen bee (Gauntlet)
  9 meliai
  13 polar bears
  8 trolls
  2 wind drakes
  3 hornets
  11 merfolk
  4 blink frogs (Lair:5)
  34 dream sheep
  12 slime creatures
  2 snapping turtles
  3 shadows (D:11)
  2 centaur simulacra (D:15)
  3 spriggans (D:12)
  A vampire (D:12)
  An air elemental (Elf:1)
  5 water elementals
  56 yaks
  8 wyverns
  7 wraiths
  4 hogs (Shoals:2)
  7 basilisks
  A redback (D:13)
  18 vampire mosquitoes
  12 steam dragons
  A warg (Orc:1)
  36 nagas
  15 water moccasins
  2 acid dragons
  7 hell hounds
  Duvessa (D:6)
  42 orc warriors
  5 black bears
  Pargi (D:3)
  4 boggarts (D:15)
  12 centaurs
  38 wolves
  16 ogres
  4 kobold brigands
  3 lemures (D:6)
  2 phantoms
  Blork the orc (D:6)
  11 bullfrogs
  2 earth elementals
  2 gnoll sergeants
  3 scorpions
  6 wights
  Dowan (D:6)
  19 killer bees
  5 lava snakes (Lair:5)
  3 hounds
  30 orc priests
  A gnoll bouda (D:4)
  5 jellies
  6 sleepcaps
  6 hell rats (Lair:1)
  42 orc wizards
  2 iguanas (D:5)
  10 adders
  15 gnolls
  10 river rats (Lair:1)
  A shadow imp (D:6)
  A white imp (D:7)
  3 ufetubi
  3 worms
  A dart slug (D:2)
  126 orcs
  4 ball pythons
  3 bats
  7 endoplasms
  4 giant cockroaches
  5 goblins
  7 hobgoblins
  21 kobolds
  7 quokkas
  4 frilled lizards
  12 rats
  2 butterflies (Lair:2)
1267 creatures vanquished.

Vanquished Creatures (collateral kills)
  A black mamba (Lair:5)
  2 gnolls (D:8)
  11 foxfires
14 creatures vanquished.

Vanquished Creatures (others)
  Nikola (Shoals:1)
  A manticore (Shoals:1)
  Maggie (D:9)
  A water elemental (Shoals:2)
  A steam dragon (Volcano)
  A gnoll bouda (D:8)
  1720 foxfires
  2 starspawn tentacles (Snake:1)
1728 creatures vanquished.

Grand Total: 3009 creatures vanquished

Notes
Turn   | Place    | Note
-------+----------+-------------------------------------------
     0 | D:1      | Cheops the Naga Fire Elementalist began the quest for the
                  | Orb.
     0 | D:1      | Reached XP level 1. HP: 15/15 MP: 3/3
   366 | D:1      | Found Waez's Book Emporium.
   472 | D:1      | Reached XP level 2. HP: 20/22 MP: 1/5
  1153 | D:2      | Reached XP level 3. HP: 26/28 MP: 1/7
  1156 | D:2      | Learned a level 2 spell: Scorch
  1437 | D:2      | Found Omuf's Weapon Emporium.
  1780 | D:2      | Found a faded altar of an unknown god.
  1855 | D:2      | Found Soomm's Distillery.
  1985 | D:2      | Reached XP level 4. HP: 36/36 MP: 3/8
  2036 | D:2      | Learned a level 4 spell: Flame Wave
  2097 | D:2      | Bought a potion of curing for 39 gold pieces
  2097 | D:2      | Bought a potion of heal wounds for 65 gold pieces
  2505 | D:3      | Noticed Pargi
  2512 | D:3      | Killed Pargi
  2513 | D:3      | Reached XP level 5. HP: 37/42 MP: 1/9
  2518 | D:3      | Noticed a phantom
  2978 | D:3      | Killed a phantom
  2979 | D:3      | Reached XP level 6. HP: 32/49 MP: 3/10
  3451 | D:1      | Found Waez's Book Emporium.
  4003 | D:2      | Found Omuf's Weapon Emporium.
  4182 | D:2      | Found a faded altar of an unknown god.
  4240 | D:2      | Found Soomm's Distillery.
  5025 | D:3      | Identified a scroll of acquirement
  5027 | D:3      | Acquired the Handbook of Impulse
  5032 | D:3      | Learned a level 2 spell: Searing Ray
  5159 | D:4      | Reached skill level 5 in Fire Magic
  5645 | D:4      | Reached skill level 5 in Conjurations
  5766 | D:4      | Reached XP level 7. HP: 55/55 MP: 7/11
  5835 | D:4      | Found Qasmishu's Armour Boutique.
  5939 | D:4      | Found Qiogel's Magic Scroll Emporium.
  6055 | D:4      | Found Saanempi's Antique Armour Boutique.
  6190 | D:4      | Found Erefog's Antique Weapon Boutique.
  6471 | D:4      | Bought a scroll of teleportation for 30 gold pieces
  6482 | D:5      | Entered Level 5 of the Dungeon
  6512 | D:4      | Found Qiogel's Magic Scroll Emporium.
  6531 | D:4      | Found Saanempi's Antique Armour Boutique.
  6635 | D:4      | Found Erefog's Antique Weapon Boutique.
  6960 | D:4      | Found Qasmishu's Armour Boutique.
  8032 | D:5      | Found a staircase to the Ecumenical Temple.
  8045 | Temple   | Entered the Ecumenical Temple
  8050 | Temple   | Reached XP level 8. HP: 54/62 MP: 1/13
 10048 | D:5      | Found a staircase to the Ecumenical Temple.
 10655 | D:5      | Learned a level 5 spell: Iskenderun's Battlesphere
 10973 | D:6      | Noticed Blork the orc
 10977 | D:6      | Killed Blork the orc
 10978 | D:6      | Reached XP level 9. HP: 68/68 MP: 2/15
 11170 | D:6      | Noticed Pikel
 11184 | D:6      | Killed Pikel
 11185 | D:6      | Reached skill level 5 in Spellcasting
 11513 | D:6      | Noticed Duvessa
 11514 | D:6      | Noticed Dowan
 11521 | D:6      | Killed Duvessa
 11522 | D:6      | Killed Dowan
 12490 | D:7      | Found an ornate altar of the Wu Jian Council.
 13075 | D:7      | Reached XP level 10. HP: 75/75 MP: 10/19
 13638 | D:8      | Reached skill level 5 in Stealth
 13717 | D:8      | Found a runed translucent gate.
 13717 | D:8      | Found a runed translucent gate.
 13717 | D:8      | Found a runed translucent gate.
 13717 | D:8      | Noticed ShellytheWitch's ghost (novice KoBr)
 13719 | D:8      | Noticed a nine-headed hydra
 13723 | D:8      | Noticed Erica
 13790 | D:8      | Killed Erica
 14684 | D:8      | Noticed Psyche
 14688 | D:8      | Killed Psyche
 14985 | D:8      | Reached skill level 1 in Evocations
 15525 | D:9      | Noticed Maggie
 15549 | D:9      | Your ally Maggie died
 15724 | D:8      | Learned a level 6 spell: Starburst
 16119 | D:9      | Reached skill level 5 in Evocations
 16321 | D:9      | Found Zyntat's Assorted Antiques.
 16326 | D:9      | Bought a viscous purple potion for 24 gold pieces
 16326 | D:9      | Bought a scroll labelled SALUFOLUUH for 27 gold pieces
 16326 | D:9      | Bought a scroll labelled JIOGIR BAB LAGULL for 27 gold
                  | pieces
 16326 | D:9      | Bought a scroll labelled JANWEG OCLOEFIH for 27 gold pieces
 16574 | D:9      | Identified the +6 falchion of Impatience {protect, Str+4}
 16911 | D:9      | Found a staircase to the Lair.
 16923 | D:9      | Reached XP level 11. HP: 81/81 MP: 9/21
 17348 | D:10     | Entered Level 10 of the Dungeon
 18279 | D:10     | Found a staircase to the Orcish Mines.
 18326 | D:10     | Found a snail-covered altar of Cheibriados.
 18329 | D:10     | Found a radiant altar of Vehumet.
 18329 | D:10     | Found an opulent altar of Gozag.
 18331 | D:10     | Found a broken altar of Ashenzari.
 18332 | D:10     | Found a glowing silver altar of Zin.
 18333 | D:10     | Found a hide-covered altar of Uskayaw.
 18334 | D:10     | Found an ancient bone altar of Kikubaaqudgha.
 18539 | D:10     | Found a large runed translucent door.
 18543 | D:10     | Found a large runed translucent door.
 18566 | D:10     | Reached skill level 10 in Fire Magic
 19156 | D:10     | Found a stormy altar of Qazlal.
 19161 | D:10     | Found a shimmering blue altar of Sif Muna.
 19164 | D:10     | Became a worshipper of Sif Muna the Loreminder
 19182 | D:10     | Found a stormy altar of Qazlal.
 19228 | D:10     | Found a snail-covered altar of Cheibriados.
 19462 | D:10     | Found a staircase to the Orcish Mines.
 19701 | D:10     | Found a radiant altar of Vehumet.
 19702 | D:10     | Found an opulent altar of Gozag.
 19703 | D:10     | Found a glowing silver altar of Zin.
 19704 | D:10     | Found a broken altar of Ashenzari.
 19705 | D:10     | Found an ancient bone altar of Kikubaaqudgha.
 19706 | D:10     | Found a hide-covered altar of Uskayaw.
 19980 | D:9      | Reached skill level 10 in Conjurations
 20159 | D:10     | Found a staircase to the Orcish Mines.
 20459 | D:10     | Found a snail-covered altar of Cheibriados.
 20470 | D:10     | Found a radiant altar of Vehumet.
 20471 | D:10     | Found an opulent altar of Gozag.
 20472 | D:10     | Found a glowing silver altar of Zin.
 20473 | D:10     | Found a broken altar of Ashenzari.
 20474 | D:10     | Found an ancient bone altar of Kikubaaqudgha.
 20475 | D:10     | Found a hide-covered altar of Uskayaw.
 20526 | D:10     | Found a shimmering blue altar of Sif Muna.
 20529 | D:10     | Found a stormy altar of Qazlal.
 20646 | D:11     | Found Fageinaf's General Store.
 20755 | D:11     | Found Yxtiko's Jewellery Shop.
 20755 | D:11     | Noticed Lodul
 20798 | D:11     | Found Raeka's Weapon Shoppe.
 20818 | D:11     | Found Sifothef's Book Boutique.
 20836 | D:11     | Found a flickering gateway to a bazaar.
 20839 | Bazaar   | Entered a bazaar
 20899 | Bazaar   | Found Luddudeaf's Magic Scroll Shoppe.
 20915 | Bazaar   | Found Pori Vist's Weapon Shoppe.
 20915 | Bazaar   | Found Ziuxaqic's Assorted Antiques.
 21265 | D:11     | Identified the +3 short sword of Evezay {flame, rF+ Int+3}
 21703 | D:11     | Noticed a cyclops
 21714 | D:11     | Killed a cyclops
 22032 | D:11     | Reached * piety under Sif Muna
 22035 | D:11     | Reached XP level 12. HP: 88/88 MP: 11/22
 22239 | D:11     | Bought a book of Fire for 484 gold pieces
 22245 | D:11     | Learned a level 5 spell: Fireball
 22941 | D:12     | Noticed Nergalle
 22950 | D:12     | Killed Nergalle
 23843 | D:12     | Found a runed translucent door.
 23843 | D:12     | Noticed Yklotitu's ghost (journeyman CeHu)
 23844 | D:12     | Identified the +4 spear "Hygaymeh" {flame, Str-3 Int+4}
 24421 | D:12     | Reached ** piety under Sif Muna
 25464 | D:11     | Found Raeka's Weapon Shoppe.
 25503 | D:11     | Found Sifothef's Book Boutique.
 25545 | D:11     | Found Fageinaf's General Store.
 25552 | D:11     | Reached skill level 1 in Invocations
 25564 | D:11     | Killed Lodul
 25717 | D:11     | Found Yxtiko's Jewellery Shop.
 26327 | D:10     | Found a snail-covered altar of Cheibriados.
 26471 | D:10     | Found a staircase to the Orcish Mines.
 26610 | D:10     | Found a shimmering blue altar of Sif Muna.
 26613 | D:10     | Found a stormy altar of Qazlal.
 26795 | D:10     | Found a radiant altar of Vehumet.
 26796 | D:10     | Found an opulent altar of Gozag.
 26797 | D:10     | Found a glowing silver altar of Zin.
 26798 | D:10     | Found a broken altar of Ashenzari.
 26799 | D:10     | Found an ancient bone altar of Kikubaaqudgha.
 26800 | D:10     | Found a hide-covered altar of Uskayaw.
 27058 | D:9      | Found a staircase to the Lair.
 27338 | D:9      | Found Zyntat's Assorted Antiques.
 27875 | D:8      | Found a runed translucent gate.
 27877 | D:8      | Found a runed translucent gate.
 27877 | D:8      | Found a runed translucent gate.
 28711 | D:7      | Found an ornate altar of the Wu Jian Council.
 29770 | D:5      | Found a staircase to the Ecumenical Temple.
 30579 | D:4      | Found Qasmishu's Armour Boutique.
 30631 | D:4      | Found Erefog's Antique Weapon Boutique.
 30809 | D:4      | Found Qiogel's Magic Scroll Emporium.
 30877 | D:4      | Found Saanempi's Antique Armour Boutique.
 32142 | D:2      | Found a faded altar of an unknown god.
 32277 | D:2      | Found Soomm's Distillery.
 32335 | D:2      | Found Omuf's Weapon Emporium.
 32749 | D:1      | Found Waez's Book Emporium.
 33381 | D:13     | Noticed a centaur warrior
 33543 | D:13     | Noticed a seven-headed hydra
 33548 | D:13     | Killed a seven-headed hydra
 33549 | D:13     | Reached skill level 5 in Invocations
 33724 | Orc:1    | Entered Level 1 of the Orcish Mines
 33948 | Lair:1   | Entered Level 1 of the Lair of Beasts
 34262 | Lair:1   | Noticed Harold
 34486 | Lair:1   | Gained mutation: You can use your snake-like lower body to
                  | constrict enemies. [Naga growth]
 34486 | Lair:1   | Reached XP level 13. HP: 94/94 MP: 19/23
 34669 | Lair:1   | You fall into a shaft and drop 1 floor!
 34669 | Lair:2   | Noticed Gastronok
 34694 | Lair:2   | Killed Gastronok
 36326 | Lair:1   | Killed Harold
 37886 | Lair:3   | Noticed Amaemon
 37891 | Lair:3   | Killed Amaemon
 38674 | Lair:3   | Found a staircase to the Snake Pit.
 38687 | Lair:3   | Found a runed translucent door.
 38712 | Lair:3   | Found a staircase to the Shoals.
 39451 | Lair:4   | Reached *** piety under Sif Muna
 39461 | Lair:4   | Reached XP level 14. HP: 91/102 MP: 0/24
 39467 | Lair:4   | Found a frozen archway.
 39582 | IceCv    | Entered an ice cave
 39835 | IceCv    | Reached skill level 1 in Short Blades
 41307 | IceCv    | Reached skill level 5 in Short Blades
 41734 | IceCv    | Noticed a frost giant
 41741 | IceCv    | Killed a frost giant
 41982 | IceCv    | HP: 3/102 [death yak (8)]
 42413 | IceCv    | Identified the ring of Lady Luck {Fly Str+6 Stlth-}
 42484 | Lair:4   | Found a runed translucent door.
 42484 | Lair:4   | Found a viscous altar of Jiyva.
 42484 | Lair:4   | Found a staircase to the Slime Pits.
 44826 | Lair:3   | Identified the +9 broad axe of Precise Incision {venom,
                  | rPois rF- Str+5 Int+3}
 46388 | Lair:3   | Found a staircase to the Snake Pit.
 46607 | Lair:3   | Found a staircase to the Shoals.
 47313 | Lair:4   | Found a runed translucent door.
 47317 | Lair:4   | Found a viscous altar of Jiyva.
 47317 | Lair:4   | Found a staircase to the Slime Pits.
 47766 | Lair:5   | Entered Level 5 of the Lair of Beasts
 47803 | Lair:5   | Reached skill level 10 in Spellcasting
 47805 | Lair:5   | Reached skill level 1 in Shields
 47805 | Lair:5   | Reached XP level 15. HP: 68/108 MP: 0/29
 47851 | Lair:5   | Identified the +8 chain mail "Kepsosch" {Will+}
 47951 | Lair:5   | Reached skill level 5 in Shields
 47994 | Lair:5   | Learned a level 2 spell: Passwall
 48012 | Lair:5   | Found a dark tunnel.
 48014 | Volcano  | Entered a volcano
 48456 | Volcano  | Reached skill level 1 in Transmutations
 48456 | Volcano  | Reached skill level 1 in Earth Magic
 48456 | Volcano  | Reached **** piety under Sif Muna
 48551 | Volcano  | Learned a level 3 spell: Hailstorm
 49250 | D:1      | Bought the Unrestrained Analects for 552 gold pieces
 49900 | Lair:5   | Got the Textbook on Hurting
 50535 | Lair:5   | Found a large runed translucent door.
 50535 | Lair:5   | Found a large runed translucent door.
 51955 | D:8      | Killed ShellytheWitch's ghost
 51959 | D:8      | Identified the +8 broad axe of the Twenty Dances {elec, rC+
                  | Dex+4}
 52166 | D:12     | Killed Yklotitu's ghost
 52293 | D:12     | Learned a level 3 spell: Ignite Poison
 52298 | D:12     | Learned a level 4 spell: Olgreb's Toxic Radiance
 52531 | Shoals:1 | Entered Level 1 of the Shoals
 52541 | Shoals:1 | Reached skill level 1 in Poison Magic
 52720 | Shoals:1 | Identified the +1 ring mail of Fatwusm {-Cast Fly rN+}
 52770 | Snake:1  | Entered Level 1 of the Snake Pit
 52860 | Snake:1  | Noticed Aizul
 52869 | Snake:1  | Killed Aizul
 53015 | Snake:1  | Found a transporter.
 53068 | Snake:1  | Found a transporter.
 53193 | Snake:1  | Noticed Mlioglotl
 53197 | Snake:1  | Noticed a tentacled starspawn
 53202 | Snake:1  | Killed Mlioglotl
 53203 | Snake:1  | Reached skill level 1 in Fighting
 53369 | Snake:1  | Reached skill level 5 in Poison Magic
 53540 | Snake:1  | Found a transporter.
 53542 | Snake:1  | Found a transporter.
 53958 | Snake:1  | Found a transporter.
 53961 | Snake:1  | Found a transporter.
 54068 | Snake:1  | Reached XP level 16. HP: 96/124 MP: 0/32
 54993 | Shoals:1 | Reached skill level 5 in Fighting
 55003 | Shoals:1 | Killed Nikola
 55715 | Shoals:1 | Identified the +3 chain mail of Spring Thaw {Dex+3}
 55835 | Shoals:1 | Noticed Josephine
 55880 | Shoals:1 | Killed Josephine
 56845 | Shoals:2 | Identified the +2 ring mail "Xuicuom" {Dex+2}
 57149 | Shoals:2 | Noticed Kirke
 57282 | Shoals:2 | Reached skill level 15 in Fire Magic
 57357 | Shoals:2 | Killed Kirke
 58155 | Shoals:2 | Reached ***** piety under Sif Muna
 58233 | Shoals:2 | Reached skill level 15 in Conjurations
 58835 | Shoals:2 | Noticed Ilsuiw
 58844 | Shoals:2 | Killed Ilsuiw
 59340 | Shoals:2 | Received a gift from Sif Muna
 59355 | Shoals:2 | Got Giac's Atlas of the Altered Boulder {god gift}
 59425 | Shoals:2 | Reached XP level 17. HP: 138/138 MP: 29/33
 62313 | D:13     | Learned a level 6 spell: Plasma Beam
 63238 | D:13     | Reached skill level 1 in Air Magic
 63920 | D:13     | Found a runed translucent door.
 63925 | D:13     | Found a runed translucent door.
 64314 | D:13     | Identified the +3 halberd of Ycryvaclua {heavy, Str+3 Dex+3
                  | SInv}
 64315 | D:13     | Identified the staff of air "Yfifemui" {rElec Int+4}
 66162 | D:14     | Reached skill level 5 in Air Magic
 66178 | D:14     | Found a gate leading to a gauntlet.
 66192 | Gauntlet | Entered a Gauntlet
 66192 | Gauntlet | Found a transporter.
 66192 | Gauntlet | Found a transporter.
 66192 | Gauntlet | Found a runed translucent door.
 66221 | Gauntlet | Found a transporter.
 66236 | Gauntlet | Found a transporter.
 66254 | Gauntlet | Found a transporter.
 66254 | Gauntlet | Found a transporter.
 66257 | Gauntlet | Found a transporter.
 66257 | Gauntlet | Found a transporter.
 66271 | Gauntlet | Found a transporter.
 66289 | Gauntlet | Found a transporter.
 66299 | Gauntlet | Found a transporter.
 66314 | Gauntlet | Found a transporter.
 66334 | Gauntlet | Found a transporter.
 66334 | Gauntlet | Found a transporter.
 66343 | Gauntlet | Found a runed translucent door.
 66898 | D:14     | Noticed Louise
 66906 | D:14     | Killed Louise
 67060 | D:14     | Found Bumaa's Antique Armour Shoppe.
 67425 | D:14     | Noticed Nessos
 67427 | D:14     | Killed Nessos
 68477 | D:14     | Found a gate to the Vaults.
 68573 | D:15     | Entered Level 15 of the Dungeon
 68783 | D:15     | Received a gift from Sif Muna
 68791 | D:15     | Got Sif Muna's Incunable of the Congregated Fault {god
                  | gift}
 69083 | D:15     | Paralysed by an orc sorcerer for 3 turns
 69099 | D:15     | Reached XP level 18. HP: 145/145 MP: 14/36
 69554 | D:15     | Found a runed translucent door.
 69609 | D:15     | Found a runed translucent door.
 69623 | D:15     | Found a runed translucent door.
 69638 | D:15     | Found a runed translucent door.
 69884 | D:15     | Reached skill level 10 in Air Magic
 70233 | D:15     | Found a staircase to the Depths.
 71022 | Orc:2    | Entered Level 2 of the Orcish Mines
 71155 | Orc:2    | Found Babrioh's Armour Boutique.
 71242 | Orc:1    | Noticed Maurice
 71248 | Orc:1    | Killed Maurice
 71444 | Orc:2    | Found a staircase to the Elven Halls.
 72510 | Orc:2    | Reached skill level 1 in Staves
 72761 | Orc:2    | Found Maejaps's Antique Armour Shop.
 72990 | Orc:2    | Found Savasmurr's CLEARANCE SALE!.
 73082 | Orc:2    | Found Ufevaizuho's Antique Weapon Boutique.
 73160 | Orc:2    | Found Kuinu's Antique Armour Shoppe.
 73161 | Orc:2    | Found Colar's Antique Weapon Emporium.
 73163 | Orc:2    | Found Voireuth's General Store.
 73163 | Orc:2    | Found Woudghodgh's Jewellery Shoppe.
 73168 | Orc:2    | Bought an embroidered cloak for 217 gold pieces
 73193 | Orc:2    | Bought a +2 pair of gloves of dexterity for 215 gold pieces
 73285 | Orc:2    | Received a gift from Sif Muna
 73909 | Snake:2  | Reached skill level 5 in Staves
 74771 | Snake:2  | Found Tolacim's Book Shoppe.
 74772 | Snake:2  | Found Toevuhya's Jewellery Boutique.
 74773 | Snake:2  | Found Hikhef's Book Shoppe.
 75685 | Orc:2    | Bought the amulet "Giet" {Reflect +Blink Int+2 Dex+4 Slay+3
                  | SH+5} for 1038 gold pieces
 76123 | Snake:3  | Found Sehedd's Jewellery Shoppe.
 76123 | Snake:3  | Found Voechiwn's Book Emporium.
 77382 | Snake:3  | Received a gift from Sif Muna
 77391 | Snake:3  | Got Sif Muna's Spellbook of Blows {god gift}
 77720 | Snake:3  | Found a burning altar of Makhleb.
 78208 | Snake:4  | Entered Level 4 of the Snake Pit
 78574 | Snake:4  | Found a white marble altar of Elyvilon.
 79363 | Snake:4  | Reached skill level 10 in Staves
 79363 | Snake:4  | Reached XP level 19. HP: 113/151 MP: 8/37
 80731 | Snake:4  | Got a serpentine rune of Zot
 81815 | Elf:1    | Entered Level 1 of the Elven Halls
 81825 | Elf:1    | Reached skill level 1 in Armour
 81987 | Orc:2    | Learned a level 3 spell: Stone Arrow
 82360 | Elf:1    | Received a gift from Sif Muna
 82681 | Elf:1    | Got Sif Muna's Anthology of Haze and Angles {god gift}
 83174 | Elf:1    | Reached skill level 5 in Armour
 83442 | Elf:1    | Identified the +5 dagger "Wuwniown" {flame, rElec rCorr
                  | Dex-5 Stlth+}
 83645 | Elf:1    | Paralysed by an air elemental for 1 turns
 83647 | Elf:1    | Paralysed by an air elemental for 1 turns
 84117 | Elf:2    | Found a runed translucent door.
 84345 | Elf:2    | Found a shadowy altar of Dithmenos.
 84728 | Elf:2    | Noticed Donald
 84742 | Elf:2    | Killed Donald
 85094 | Elf:2    | Found a runed translucent door.
 85162 | Elf:2    | Found a runed translucent door.
 85377 | Elf:2    | Slain by a +3 demon trident of pain

Illustrated notes

Levels and vault maps discovered:
D:1:      ncdulo_watergridlock, layout_basic, serial_shops, shop
D:2:      layout_basic, hellmonk_ecumenical_altar_crossroads, serial_shops,
          nicolae_shop_trees, shop
D:3:      layout_loops_ring, st_stairs_3, serial_bayou_lagoon_b, uniq_pargi
D:4:      layout_basic, serial_shops, nicolae_shop_statue_plus,
          kennysheep_little_box, shop, shop, grunt_ministairs_3,
          minmay_surrounded
D:5:      layout_layer_cave, minmay_temple_entry_overgrown,
          minmay_stone_trees_medium
D:6:      kennysheep_steamy, layout_cave_pools, uniq_blork_the_orc,
          uniq_duvessa, uniq_pikel
D:7:      layout_cave_pools, overflow_temple_1_default
D:8:      layout_loops_corners, gammafunk_ghost_hydra_chop, grunt_ministairs_3,
          minmay_misc_feat_five, chequers_decorated_corner, grunt_tough_drop,
          uniq_erica, uniq_psyche
D:9:      cheibrodos_steamvent, layout_loops_corners,
          grunt_lair_entry_orc_guard_hut, serial_shops, nicolae_shop_tiny_glass,
          uniq_maggie
D:10:     layout_roguey [special_room_orc], minitemple, jmf_multi_god_temple2,
          david_orc_1_choice, kennysheep_generic_room_2
D:11:     kennysheep_six_static_rooms, layout_basic, serial_shops,
          bzr_entry_customers, nicolae_shop_gaudy_bauble, shop, shop, shop,
          grunt_decor_junction, uniq_lodul
D:12:     layout_loops_ring, ebering_ghost_funeral_grove, special_room
          [special_room_orc], minmay_librarian, uniq_nergalle
D:13:     minmay_the_grid_triangle_9x9_recursive_3
          [minmay_the_grid_triangle_9x9_intruding_spiral,
          minmay_the_grid_triangle_9x9_tough_junction,
          minmay_the_grid_triangle_9x9_swiss_cheese,
          minmay_the_grid_triangle_9x9_prize_insulated,
          minmay_the_grid_triangle_9x9_semitri,
          minmay_the_grid_triangle_9x9_warning,
          minmay_the_grid_triangle_9x9_wacky_v,
          minmay_the_grid_triangle_9x9_negative_grid,
          minmay_the_grid_triangle_9x9_corruption], layout_cave_pods
D:14:     layout_long_grid, grunt_vaults_entry_fortified,
          gauntlet_entry_generic, serial_shops, shop, uniq_nessos, uniq_louise
D:15:     grunt_enter_depths_magical_seal, layout_loops_corners,
          wad_floor_pattern_untrapped, minmay_statue_crystal_thing
Temple:   minmay_temple_bridge_abc
Lair:1:   lemuel_ratsnest, layout_loops_ring, grunt_megastairs_3, uniq_harold
Lair:2:   layout_roguey, serial_bayou_pond_d, cheibrodos_lair_reptile_den,
          infiniplex_staircase_pool_2, lemuel_fruit_fields, uniq_gastronok
Lair:3:   gammafunk_mikee_crab_dinner, layout_gridlike,
          elwin_shoals_entry_rocks, minmay_snake_entry_guardpost_medium,
          uniq_amaemon
Lair:4:   layout_gridlike, slime_entry_2,
          portal_ice_cave_entry_animals_and_master
Lair:5:   cheibrodos_lair_end_hotspot, layout_small_grid, enter_volcano_2
Shoals:1: layout_shoals, serial_shops, freezing_bzr, uniq_nikola, uniq_josephine
Shoals:2: layout_shoals, nicolae_splish_splash, uniq_ilsuiw, uniq_kirke
Shoals:3: layout_shoals
Snake:1:  layout_chambers, serial_nicolae_subway, nicolae_sub_station_metal,
          nicolae_sub_station_stone, nicolae_sub_station_crystal,
          grunt_megastairs_4, serial_bayou_shore_b, uniq_mlioglotl, uniq_aizul
Snake:2:  layout_misc_corridors, nicolae_snake_gridmaze_waves,
          minmay_shop_grove, serial_bayou_shore_b, serial_bayou_shore_a
Snake:3:  nicolae_snake_nest, layout_layer_cave, basic_altar, minmay_shoptagon
Snake:4:  snake_pit_salamanders_mu, layout_chambers, basic_altar
Orc:1:    layout_caves, uniq_maurice
Orc:2:    st_orc_congregation, layout_caves, serial_shops, shop,
          nicolae_shop_mannequins, shop, basic_altar, nicolae_shop_clearance
Elf:1:    eino_elf_arrival_shootout, layout_onion_city, minmay_elf_sorcery
Elf:2:    elven_hall_of_blades_hangedman_original
          [nicolae_blade_entry_splitting_headache], layout_geoelf_grid,
          serial_sigils, serial_sigils_hangedman_quiver,
          serial_sigils_hangedman_gut, serial_sigils_hangedman_etch,
          serial_sigils_hangedman_snap, nicolae_danse_macabre, uniq_azrael,
          uniq_donald

Skill      XL: |  1  2  3  4  5  6  7  8  9 10 11 12 13 14 15 16 17 18 19 |
---------------+----------------------------------------------------------+-----
Spellcasting   | 3 4 6 7 10 12 14 | 14.0
Conjurations   | 3 4 5 6 8 9 10 12 13 14 15 | 15.3
Fire Magic     | 4 5 6 7 9 10 12 13 14 15 | 15.3
Stealth        | 8 |  8.2
Evocations     | 6 7 |  7.5
Invocations    | 6 9 |  9.0
Short Blades   | 7 |  7.0
Shields        | 1 5 |  5.0
Transmutations | 3 |  3.0
Earth Magic    | 2 |  2.0
Poison Magic   | 5 8 |  8.0
Fighting       | 3 5 |  5.0
Air Magic      | 9 11 | 11.3
Staves         | 10 12 | 12.0
Armour         | 7 |  7.0
Dodging        | |  1.5

Action                     |  1- 3 |  4- 6 |  7- 9 | 10-12 | 13-15 | 16-18 | 19-21 || total
---------------------------+-------+-------+-------+-------+-------+-------+-------++-------
  Melee: Unarmed           |    13 |       |       |       |       |       |       ||    13
         Short sword       |     9 |     2 |       |    31 |    97 |    10 |       ||   149
         Dagger            |       |    10 |    21 |    10 |       |       |       ||    41
         Falchion          |       |       |       |    16 |       |    13 |       ||    29
         Punch             |       |       |       |     1 |     3 |       |       ||     4
         Constrict         |       |       |       |       |    31 |    27 |     5 ||    63
         Staff             |       |       |       |       |    17 |    88 |    32 ||   137
   Cast: Foxfire           |    56 |    25 |   156 |   157 |   253 |   324 |     9 ||   980
         Scorch            |     1 |     4 |    22 |   124 |    96 |    90 |     6 ||   343
         Searing Ray       |       |     9 |     5 |    26 |    52 |    14 |     3 ||   109
         Flame Wave        |       |       |    10 |    33 |     5 |       |       ||    48
         Iskenderun's Batt |       |       |     9 |    37 |    54 |    52 |    34 ||   186
         Starburst         |       |       |       |    26 |   130 |    88 |     2 ||   246
         Fireball          |       |       |       |     2 |    32 |    81 |     6 ||   121
         Hailstorm         |       |       |       |       |     6 |       |       ||     6
         Passwall          |       |       |       |       |     2 |     4 |       ||     6
         Ignite Poison     |       |       |       |       |       |    22 |    10 ||    32
         Olgreb's Toxic Ra |       |       |       |       |       |    32 |     9 ||    41
         Plasma Beam       |       |       |       |       |       |   216 |    77 ||   293
         Stone Arrow       |       |       |       |       |       |       |    49 ||    49
 Invoke: Channel Magic     |       |       |       |       |    13 |     4 |     1 ||    18
Ability: Spit Poison       |    10 |     6 |     5 |     6 |     1 |     5 |       ||    33
  Evoke: Wand              |       |       |     1 |     9 |    23 |     4 |     1 ||    38
         Lightning rod     |       |       |       |     3 |    10 |     4 |       ||    17
    Use: Scroll            |       |     5 |     1 |    18 |    18 |     8 |       ||    50
         Potion            |       |       |     1 |     3 |     5 |     3 |     1 ||    13
   Stab: Sleeping          |       |       |       |     1 |       |       |       ||     1
         Distracted        |       |       |       |       |     2 |       |       ||     2
 Armour: Robe              |     7 |     5 |       |       |       |       |       ||    12
         Troll leather arm |       |     9 |    23 |       |       |       |       ||    32
         Leather armour    |       |       |     3 |    93 |   225 |   125 |    27 ||   473
         Ring mail         |       |       |       |       |       |    44 |     9 ||    53
         Ice dragon scales |       |       |       |       |       |       |    14 ||    14
  Dodge: Dodged            |    22 |    26 |    89 |   439 |   482 |   285 |    42 ||  1385
  Block: Buckler           |       |       |       |       |    57 |   188 |    75 ||   320
         Reflection        |       |       |       |       |       |    14 |    13 ||    27
